 Seeded DCSS version 0.28-a0-1312-g71652a0310 (webtiles) character file.

Game seed: 12130800008223909736 (custom seed)

72 croobank the Sneak (level 4, -5/26 (27) HPs)
             Began as an Octopode Earth Elementalist on Dec 27, 2021.
             Killed from afar by an orc wizard (12 damage)
             ... with a puff of flame
             ... on level 4 of the Dungeon.
             The game lasted 00:18:03 (3151 turns).

croobank the Sneak (Octopode Earth Elementalist)    Turns: 3151, Time: 00:18:04

HP:   -5/26 (27)    AC:  1    Str:  9    XL:     4   Next: 25%
MP:   7/7           EV: 13    Int: 17    God:
Gold: 96            SH:  0    Dex: 12    Spells: 1/7 levels left

rFire   . . .      SeeInvis .   l - +0 trident
rCold   . . .      Faith    .   (no shield)
rNeg    . . .      Spirit   .   (helmet restricted)
rPois   .          Reflect  .   (no amulet)
rElec   .          Harm     .   e - ring of wizardry
rCorr   .          Rampage  .   (no ring)
Will    .....                   (no ring)
Stlth   +++.......              (no ring)
HPRegen 0.08/turn               (no ring)
MPRegen 0.10/turn               (no ring)
                                (no ring)
                                (no ring)

@: lightly drained
A: almost no armour, amphibious, 8 rings, camouflage 1, gelatinous body 1,
(nimble swimmer 1), tentacles
a: no special abilities


You were on level 4 of the Dungeon.
You visited 1 branch of the dungeon, and saw 4 of its levels.

You collected 96 gold pieces.

Inventory:

Hand Weapons
 a - a +0 whip
 d - a +0 short sword
 i - a +0 mace
 j - a +0 falchion
 k - a +0 spear
 l - a +0 trident (weapon)
 q - a +0 dagger of draining
Missiles
 b - 20 stones
 f - 18 bolts
 g - 38 poisoned darts
Armour
 o - a +1 kite shield
Jewellery
 e - a ring of wizardry (left tentacle)
Scrolls
 c - 2 scrolls of enchant armour
 h - a scroll of teleportation {unknown}
 p - a scroll of identify {unknown}
Potions
 m - 2 potions of might {unknown}
 n - 2 potions of curing {unknown}
 r - a potion of degeneration {unknown}


   Skills:
 + Level 0.7 Polearms
 + Level 2.6 Dodging
 + Level 3.6 Stealth
 + Level 2.4 Spellcasting
 + Level 1.7 Transmutations
 + Level 3.4 Earth Magic


You had one spell level left.
You knew the following spells:

 Your Spells              Type           Power      Damage    Failure   Level
a - Sandblast             Erth           26%        2d8       1%          1
b - Passwall              Tmut/Erth      8%         N/A       4%          2
c - Stone Arrow           Conj/Erth      14%        3d7       12%         3

Your spell library contained the following spells:

 Spells                   Type           Power      Damage    Failure   Level
 Petrify                  Tmut/Erth      10%        N/A       26%         4


Dungeon Overview and Level Annotations

Branches:
Dungeon (4/15)
 Temple: D:4-7

Altars:

Shops:
D:1 *   D:2 =   D:3 !

Annotations:
D:3 Ijyb


Innate Abilities, Weirdness & Mutations

You cannot wear most types of armour.
You are amphibious.
You can wear up to eight rings at the same time.
Your skin changes colour to match your surroundings (Stealth+).
Your rubbery body absorbs attacks. (AC +1, EV +1)
((You are camouflaged when in or above water. (Stealth+)))
You have tentacles for arms and can constrict up to eight enemies at once.


Message History

The ufetubus hits you. The ufetubus misses you. The ufetubus hits you.
The ufetubus barely misses you.
You closely miss the ufetubus. Your grab misses the ufetubus.
The ufetubus closely misses you. x2
An orc comes into view. It is wielding a +1 dagger of draining.
The orc shouts!
You hit the ufetubus but do no damage. Your grab misses the ufetubus.
The ufetubus misses you. The ufetubus closely misses you.
The ufetubus hits you. x2
You closely miss the ufetubus. Your grab misses the ufetubus.
The ufetubus hits you. x2; The ufetubus closely misses you.
The ufetubus barely misses you.
You miss the ufetubus. You grab the ufetubus.
You constrict the ufetubus, but do no damage.
The ufetubus barely misses you. x2; The ufetubus closely misses you.
The ufetubus barely misses you.
You hit the ufetubus. You squeeze the ufetubus.
You kill the ufetubus!
An orc comes into view. It is wielding a +0 hand axe.
The orc shouts!
You hear a shout!
The orc hits you with a +1 dagger of draining.
You feel drained.
You puncture the orc!
You kill the orc!
Found an escape hatch in the floor.
An orc wizard comes into view. It is wielding a +0 dagger.
Items here: ( ) [ †.
An orc comes into view. It is wielding a +0 hand axe.
The orc hits you with a +0 hand axe.
* * * LOW HITPOINT WARNING * * *
The orc shouts!
You hit the orc. Your grab misses the orc.
The orc is lightly wounded.
The orc misses you.
You puncture the orc!
You kill the orc!
Items here: ( ) [ †.
The orc wizard casts a spell at you. The puff of flame hits you!
You die...

#... ##..#.# .... ......
#..# ....### #..#
#.....### #..# .......#
#..#######....#
#........#....# #....#
#.#....# #.@#.# #.#....#
#..#.# #.#.#.##
######..#.###.....##+###
#.......#.......##......
#......o##########......
###....o....... #......
+....)....... #......
#..........>. #......
#............ #......


You could see an orc wizard and an orc.

Vanquished Creatures
  2 adders (D:2)
  An ufetubus (D:4)
  A dart slug (D:1)
  2 orcs (D:4)
  2 endoplasms
  2 giant cockroaches
  3 goblins
  5 hobgoblins
  4 quokkas
  6 ball pythons
  5 bats (D:1)
  3 frilled lizards (D:1)
  2 kobolds (D:1)
  5 rats
43 creatures vanquished.

Notes
Turn   | Place    | Note
-------+----------+-------------------------------------------
     0 | D:1      | croobank the Octopode Earth Elementalist began the quest
                  | for the Orb.
     0 | D:1      | Reached XP level 1. HP: 11/11 MP: 3/3
   518 | D:1      | Reached XP level 2. HP: 17/17 MP: 5/5
   739 | D:1      | Learned a level 2 spell: Passwall
   917 | D:1      | Found Wisoshren's General Store.
  1189 | D:1      | Reached XP level 3. HP: 12/21 MP: 4/6
  1520 | D:2      | Found Tueluf's Jewellery Shoppe.
  2267 | D:2      | Learned a level 3 spell: Stone Arrow
  2612 | D:2      | Found a faded altar of an unknown god.
  2863 | D:3      | Noticed Ijyb
  2906 | D:3      | Reached XP level 4. HP: 27/27 MP: 7/7
  3031 | D:3      | Found Couciofe's Distillery.
  3151 | D:4      | Killed from afar by an orc wizard

Illustrated notes

Levels and vault maps discovered:
D:1:      grunt_arrival_crossed_arrows, layout_loops_ring, serial_shops, shop,
          chequers_serial_rivers_micro_b
D:2:      layout_basic, serial_shops, shop,
          shapermc_ecumenical_altar_mp_urbaneastern
D:3:      layout_loops_cross, serial_shops, shop_statue, uniq_ijyb, uniq_sigmund
D:4:      layout_basic, lemuel_temple_firewalk_a, ebering_ghost_reflecting_pool,
          uniq_eustachio, uniq_duvessa

Skill      XL: |  1  2 |
---------------+-------+-----
Stealth        | 3 |  3.6
Polearms       | |  0.7
Dodging        | |  2.6
Spellcasting   | |  2.4
Transmutations | |  1.7
Earth Magic    | |  3.4

Action                   |  1- 3 |  4- 6 || total
-------------------------+-------+-------++-------
Melee: Whip              |    25 |       ||    25
       Constrict         |    15 |     2 ||    17
       Tentacles         |     8 |     1 ||     9
       Unarmed           |     1 |       ||     1
       Spear             |    20 |       ||    20
       Trident           |    18 |    16 ||    34
 Cast: Sandblast         |     9 |     1 ||    10
  Use: Scroll            |       |     1 ||     1
 Stab: Sleeping          |    12 |     1 ||    13
Armor: Skin              |     2 |       ||     2
Dodge: Dodged            |    34 |    21 ||    55

Table legend: (Time is in decaauts)
 A = Elapsed time spent in this place.
 B = Non-inter-level travel time spent in this place.
 C = Inter-level travel time spent in this place.
 D = Time resting spent in this place.
 E = Time spent auto-exploring this place.
 F = Levels seen in this place.
 G = Mean time per level.
                   A        B        C        D        E       F      G
               +--------+--------+--------+--------+--------+-----+--------+
         Total |   3163 |   3000 |    163 |   1033 |   1329 |   4 |  790.8 |
       Dungeon |   3163 |   3000 |    163 |   1033 |   1329 |   4 |  790.8 |
               +--------+--------+--------+--------+--------+-----+--------+

Top non-repeatable levels by time:
     D:1: 1453 daAuts
     D:2: 1389 daAuts
     D:3: 268 daAuts
     D:4: 52 daAuts
